 Dungeon Crawl Stone Soup version 0.20.1-1-g8b1a95d (webtiles) character file.

184 Peloso the Skirmisher (level 5, -1/46 HPs)
             Began as a Draconian Fighter on Aug 22, 2017.
             Slain by Pikel
             ... wielding a +2 whip of freezing
              (7 damage)
             ... on level 4 of the Dungeon.
             The game lasted 00:09:25 (3727 turns).

Peloso the Skirmisher (Draconian Fighter)           Turns: 3727, Time: 00:09:25

Health: -1/46      AC:  7    Str: 25    XL:     5   Next: 36%
Magic:  5/5        EV: 13    Int:  8    God:
Gold:   125        SH: 10    Dex: 10    Spells: 4/4 levels left

rFire    . . .     SeeInvis .   a - +0 long sword
rCold    . . .     Gourm    +   b - +0 shield
rNeg     . . .     Faith    .   (armour unavailable)
rPois    .         Spirit   .   (helmet restricted)
rElec    .         Reflect  .   (no cloak)
rCorr    +         Harm     .   l - +1 pair of gloves
MR       .....                  (no boots)
Stlth    +.........             i - amulet of the gourmand
Regen    0.2/turn               j - +3 ring of evasion
MPRegen  0.1/turn               p - ring of resist corrosion

@: mighty, slowed, very slow
A: unfitting armour, cold-blooded, AC +5
a: no special abilities


You were on level 4 of the Dungeon.
You were not hungry.

You visited 1 branch of the dungeon, and saw 4 of its levels.

You collected 191 gold pieces.
You spent 66 gold pieces at shops.

Inventory:

Hand Weapons
 a - a +0 long sword (weapon)
 r - a +2 dagger of flaming
Armour
 b - a +0 shield (worn)
 l - a +1 pair of gloves (worn)
Jewellery
 i - an amulet of the gourmand (around neck)
 j - a +3 ring of evasion (left hand)
 p - a ring of resist corrosion (right hand)
Scrolls
 e - a scroll of remove curse
 g - a scroll of teleportation
 k - a scroll of enchant armour
 n - a scroll of amnesia
 q - a scroll of magic mapping {unknown}
Potions
 c - a potion of might
 f - 2 potions of heal wounds
 h - a potion of mutation {unknown}
 m - a potion of haste
Books
 o - a book of Cantrips

   Spells                             Type                      Level
   a - Confusing Touch                Hexes                        1
   b - Animate Skeleton               Necromancy                   1
   c - Summon Small Mammal            Summoning                    1
   d - Apportation                    Translocation                1
Comestibles
 d - 2 bread rations


   Skills:
 + Level 4.0 Fighting
 + Level 3.9 Long Blades
 + Level 3.3 Dodging
 + Level 1.0 Stealth
 + Level 3.8 Shields


You had 4 spell levels left.
You didn't know any spells.

Dungeon Overview and Level Annotations

Branches:
Dungeon (4/15)
 Temple: D:4-7

Altars:
Hepliaklqana
Nemelex Xobeh
Trog
Yredelemnul

Shops:
D:4 *

Annotations:
D:4 Pikel


Innate Abilities, Weirdness & Mutations

Your plain brown scales are hard. (AC +5)
You cannot fit into any form of body armour.
You are cold-blooded and may be slowed by cold attacks.


Message History

Pikel freezes you.
You hit Pikel. You tail-slap Pikel!
Pikel is severely wounded.
Pikel hits you with a whip of freezing.
You feel as though you will be slow longer.
Pikel freezes you.
* * * LOW HITPOINT WARNING * * *
You block Pikel's attack.
You slash Pikel!
Pikel is almost dead.
Pikel hits you but does no damage. x2
You hit Pikel.
Pikel is almost dead.
You feel yourself speed up. Pikel hits you with a whip of freezing.
* * * LOW HITPOINT WARNING * * *
You feel yourself slow down. Pikel freezes you.
* * * LOW HITPOINT WARNING * * *
Pikel hits you with a whip of freezing!
You die...

#.....#.................
#.....#####K............
#...>.# #...........>.
####..# #.............
####..# +.............
......#####.............
......##..######........
..##..##.......#........
..##..##.......#@.......
......#........#K.......
......'........#........
################...?....
#########


You could see Pikel.

Vanquished Creatures
  4 slaves
  A bullfrog zombie (D:4)
  A bullfrog skeleton (D:4)
  A hound skeleton (D:4)
  3 adders
  6 worms
  2 leopard geckos
  An orc (D:3)
  3 giant cockroaches (D:1)
  11 goblins
  6 hobgoblins
  10 kobolds
  4 quokkas
  8 bats
  4 frilled lizards
  6 rats
71 creatures vanquished.

Vanquished Creatures (others)
  A wizard (D:3)
1 creature vanquished.

Grand Total: 72 creatures vanquished

Notes
Turn   | Place    | Note
-------+----------+-------------------------------------------
     0 | D:1      | Peloso the Draconian Fighter began the quest for the Orb.
     0 | D:1      | Reached XP level 1. HP: 19/19 MP: 1/1
   177 | D:1      | Reached XP level 2. HP: 6/26 MP: 2/2
   186 | D:1      | HP: 1/26 [bat (1)]
   657 | D:1      | Reached XP level 3. HP: 13/31 MP: 3/3
  1092 | D:2      | Found a basalt altar of Yredelemnul.
  1596 | D:2      | Reached XP level 4. HP: 17/39 MP: 4/4
  1971 | D:3      | Found a hazy altar of Hepliaklqana.
  2113 | D:3      | Found a bloodstained altar of Trog.
  2127 | D:3      | Found a sparkling altar of Nemelex Xobeh.
  2127 | D:3      | Noticed a wizard
  2134 | D:3      | Killed a wizard
  2642 | D:4      | Reached skill level 1 in Stealth
  2767 | D:4      | Reached XP level 5. HP: 46/46 MP: 5/5
  2821 | D:4      | Found Tukaifuu's Assorted Antiques.
  2826 | D:4      | Bought a yellow potion for 20 gold pieces
  2826 | D:4      | Bought a scroll labeled LIAL BORYLEUDU for 23 gold pieces
  2826 | D:4      | Bought a scroll labeled SAXUTE TUATA for 23 gold pieces
  3116 | D:4      | Reached skill level 4 in Fighting
  3123 | D:4      | Noticed a slave
  3123 | D:4      | Noticed a slave
  3168 | D:4      | Killed a slave
  3262 | D:4      | Noticed a slave
  3263 | D:4      | Noticed Pikel
  3263 | D:4      | Noticed a slave
  3288 | D:3      | Killed a slave
  3468 | D:3      | Killed a slave
  3676 | D:3      | Killed a slave
  3727 | D:4      | Slain by Pikel

Skill      XL: |  1  2  3  4  5 |
---------------+----------------+-----
Dodging        | 3 |  3.3
Long Blades    | 3 |  3.9
Stealth        | 1 |  1.0
Fighting       | 4 |  4.0
Shields        | |  3.8

Action                   |  1- 3 |  4- 6 || total
-------------------------+-------+-------++-------
Melee: Long sword        |   124 |   138 ||   262
       Tailslap          |    13 |    17 ||    30
  Use: Scroll            |       |    11 ||    11
       Potion            |       |     1 ||     1
 Stab: Sleeping          |     1 |       ||     1
  Eat: Chunk             |     9 |     6 ||    15
Armor: Skin              |    39 |    36 ||    75
Dodge: Dodged            |    56 |    53 ||   109
Block: Shield            |    63 |    53 ||   116
       Rpst.: Long sword |    17 |    15 ||    32
